 Dungeon Sprint DCSS version 0.21.1-1-g345015f (webtiles) character file.

2613 aMcNicky the Severer (level 9, -5/97 HPs)
             Began as a Minotaur Berserker on Mar 9, 2018.
             Was an Elder of Trog.
             Slain by an unseen horror (7 damage)
             ... in the Dungeon (Sprint I: "Red Sonja").
             The game lasted 00:03:53 (1416 turns).

aMcNicky the Severer (Minotaur Berserker)           Turns: 1416, Time: 00:03:54

Health: -5/97      AC:  6    Str: 25    XL:     9   Next: 34%
Magic:  8/8        EV: 16    Int:  4    God:    Trog [****..]
Gold:   534        SH:  0    Dex: 10    Spells: 8/8 levels left

rFire    . . .     SeeInvis .   a - +0 hand axe
rCold    . . .     Gourm    .   (no shield)
rNeg     . . .     Faith    .   l - +0 ring mail
rPois    .         Spirit   .   (helmet restricted)
rElec    .         Reflect  .   (no cloak)
rCorr    .         Harm     .   (no gloves)
MR       .....     NoTele   +   (no boots)
Stlth    ..........             (no amulet)
HPRegen  0.26/turn              (no ring)
MPRegen  0.11/turn              (no ring)

@: berserk cooldown, starving
A: retaliatory headbutt, horns 2
a: Berserk, Trog's Hand, Brothers in Arms, Burn Spellbooks, Renounce Religion


You were in the Dungeon.
You worshipped Trog.
Trog was greatly pleased with you.
You were starving.

You visited 1 branch You collected 534 gold pieces.

Inventory:

Hand Weapons
 a - a +0 hand axe (weapon)
 n - a cursed -3 giant spiked club
Armour
 b - a +0 animal skin
 l - a +0 ring mail (worn)
Jewellery
 c - a cursed amulet of inaccuracy {unknown}
Wands
 j - a wand of digging (14)
Scrolls
 i - a scroll of blinking
Potions
 e - a potion of heal wounds
 f - a potion of haste
 g - 2 potions of magic
 h - a potion of berserk rage
 k - a potion of ambrosia {unknown}
 m - a potion of lignification {unknown}


   Skills:
 * Level 15.0 Fighting
 * Level 15.0 Axes
 - Level 7.9 Armour
 + Level 11.2 Dodging


You had 8 spell levels left.
You didn't know any spells.

Dungeon Overview and Level Annotations

Branches:
Dungeon (1/1)

Altars:
Cheibriados
Dithmenos
Elyvilon
Fedhas
Gozag
Hepliaklqana
Kikubaaqudgha
Nemelex Xobeh
Okawaru
Qazlal
Ru
Sif Muna
Trog
Uskayaw
Vehumet
Wu Jian
Yredelemnul
Zin
The Shining One

Shops:
D *


Innate Abilities, Weirdness & Mutations

You reflexively headbutt those who attack you in melee.
You have a pair of horns on your head.


Message History

Something hits you but does no damage.
You hit something. You headbutt something. Something barely misses you.
You're still recovering from your berserk rage.
You closely miss something. x2; Something hits you but does no damage.
Something hits you!
You miss something. Something hits you but does no damage. Something hits you.
You closely miss something. Something hits you but does no damage.
Something hits you!
* * * LOW HITPOINT WARNING * * *
Something hits you!
* * * LOW HITPOINT WARNING * * *
You barely miss something. You hit something but do no damage.
Something hits you!
* * * LOW HITPOINT WARNING * * *
Something hits you.
* * * LOW HITPOINT WARNING * * *
You closely miss something. Something hits you.
* * * LOW HITPOINT WARNING * * *
Something hits you!
You die...

____##'#_.§≈§§§.§..#
.∩...'..._#§§≈).#..#
..__##_.#'##+#####'###
____###+#(# #.'.#
##### ### ###.# #.#
##########.#
#.......##§#
#....{@..§§#
#+++######§# #§# +§#
###


There were no monsters in sight!

Vanquished Creatures
  2 centaur warriors (D)
  An oklob plant (D)
  A hornet (D)
  Sigmund (D)
  2 redbacks (D)
  A yak (D)
  An ogre (D)
  A jelly (D)
  Ijyb (D)
11 creatures vanquished.

Notes
Turn   | Place    | Note
-------+----------+-------------------------------------------
     0 | D        | aMcNicky the Minotaur Berserker began the quest for the Orb.
     0 | D        | Reached XP level 1. HP: 19/19 MP: 0/0
     1 | D        | Noticed Ijyb
     5 | D        | Killed Ijyb
     5 | D        | Reached XP level 2. HP: 22/28 MP: 1/1
    67 | D        | Noticed an ogre
    72 | D        | Killed an ogre
    72 | D        | Reached skill level 5 in Armour
    72 | D        | Reached skill level 5 in Dodging
    72 | D        | Reached XP level 3. HP: 10/38 MP: 2/2
    72 | D        | Reached XP level 4. HP: 12/45 MP: 3/3
   305 | D        | Noticed Sigmund
   318 | D        | Killed Sigmund
   318 | D        | Reached ** piety under Trog
   318 | D        | Reached XP level 5. HP: 44/55 MP: 4/4
   318 | D        | Reached XP level 6. HP: 49/62 MP: 5/5
   400 | D        | Found a deep blue altar of Sif Muna.
   401 | D        | Found an ornate altar of the Wu Jian Council.
   402 | D        | Found a radiant altar of Vehumet.
   420 | D        | Noticed a centaur warrior
   420 | D        | Noticed a centaur warrior
   447 | D        | Found Plog's General Store.
   447 | D        | Found an ancient bone altar of Kikubaaqudgha.
   447 | D        | Found a hazy altar of Hepliaklqana.
   447 | D        | Found a stormy altar of Qazlal.
   447 | D        | Found a hide-covered altar of Uskayaw.
   447 | D        | Found a blossoming altar of Fedhas.
   447 | D        | Found a bloodstained altar of Trog.
   447 | D        | Found an iron altar of Okawaru.
   447 | D        | Found a basalt altar of Yredelemnul.
   447 | D        | Found a glowing golden altar of the Shining One.
   447 | D        | Found a snail-covered altar of Cheibriados.
   447 | D        | Found a sacrificial altar of Ru.
   447 | D        | Found a glowing silver altar of Zin.
   447 | D        | Found a shadowy altar of Dithmenos.
   447 | D        | Found a white marble altar of Elyvilon.
   447 | D        | Noticed a yak
   457 | D        | Killed a yak
   457 | D        | Reached skill level 10 in Fighting
   457 | D        | Reached skill level 10 in Axes
   458 | D        | Found an opulent altar of Gozag.
   459 | D        | Found a sparkling altar of Nemelex Xobeh.
   487 | D        | Killed a centaur warrior
   487 | D        | Reached *** piety under Trog
   487 | D        | Reached XP level 7. HP: 31/77 MP: 6/6
   487 | D        | Reached XP level 8. HP: 34/83 MP: 7/7
   490 | D        | Killed a centaur warrior
   490 | D        | Reached skill level 10 in Dodging
   794 | D        | Noticed a hornet
   801 | D        | Paralysed by a hornet for 1 turns
   803 | D        | Killed a hornet
  1009 | D        | Noticed an oklob plant
  1370 | D        | Killed an oklob plant
  1370 | D        | Reached XP level 9. HP: 96/96 MP: 8/8
  1377 | D        | Reached **** piety under Trog
  1379 | D        | Reached skill level 15 in Fighting
  1379 | D        | Reached skill level 15 in Axes
  1415 | D        | HP: 3/97 [something (6)]
  1416 | D        | Slain by an unseen horror

Skill      XL: |  1  2  3  4  5  6  7  8  9 |
---------------+----------------------------+-----
Fighting       | 4 6 8 12 14 15 | 15.0
Axes           | 4 6 8 12 14 15 | 15.0
Armour         | 4 5 7 |  7.9
Dodging        | 3 5 7 9 10 11 | 11.2

Action                   |  1- 3 |  4- 6 |  7- 9 || total
-------------------------+-------+-------+-------++-------
Melee: Hand axe          |     6 |    33 |    36 ||    75
       Headbutt          |     3 |     8 |    14 ||    25
Invok: Berserk           |     1 |     1 |     2 ||     4
  Use: Potion            |       |       |     1 ||     1
  Eat: Ration            |       |       |     1 ||     1
Armor: Ring mail         |       |     6 |     8 ||    14
Dodge: Dodged            |     5 |    22 |    12 ||    39
